 Dungeon Crawl Stone Soup version 0.28-a0-1159-g27aa881441 (webtiles) character file.

Game seed: 17213942548070959647

737 oldriver the Thaumaturge (level 7, -6/36 HPs)
             Began as a Deep Elf Conjurer on Dec 16, 2021.
             Was a Follower of Vehumet.
             Killed by miscasting Iskenderun's Mystic Blast (10 damage)
             ... on level 5 of the Dungeon.
             The game lasted 00:08:16 (5457 turns).

oldriver the Thaumaturge (Deep Elf Conjurer)        Turns: 5457, Time: 00:08:17

Health: -6/36      AC:  6    Str:  4    XL:     7   Next: 46%
Magic:  7/21       EV: 13    Int: 25    God:    Vehumet [*.....]
Gold:   1315       SH:  0    Dex: 13    Spells: 12/23 levels left

rFire   . . .      SeeInvis .   p - staff of conjuration
rCold   . . .      Faith    .   (no shield)
rNeg    . . .      Spirit   .   a - +0 robe
rPois   .          Reflect  .   (no helmet)
rElec   .          Harm     .   r - +2 cloak
rCorr   .          Rampage  .   l - +0 pair of gloves
Will    .....                   (no boots)
Stlth   ++........              (no amulet)
HPRegen 0.12/turn               (no ring)
MPRegen 0.17/turn               (no ring)

@: very slightly contaminated
A: no striking features
a: Renounce Religion


You were on level 5 of the Dungeon.
You worshipped Vehumet.
Vehumet was aware of your devotion.
You visited 2 branches of the dungeon, and saw 6 of its levels.
You also visited: Sewer and Ossuary.

You collected 1315 gold pieces.

Inventory:

Hand Weapons
 d - a +2 whip of pain
Armour
 a - a +0 robe (worn)
 f - a +1 cloak
 l - a +0 pair of gloves (worn)
 r - a +2 cloak (worn)
Magical Staves
 p - a staff of conjuration (weapon)
Wands
 i - a wand of charming (12)
Scrolls
 b - a scroll of enchant weapon
 c - a scroll of vulnerability
 e - 2 scrolls of noise {unknown}
 g - a scroll of brand weapon
 h - 2 scrolls of teleportation
 u - a scroll of identify
Potions
 j - a potion of degeneration {unknown}
 k - 2 potions of haste {unknown}
 m - 3 potions of heal wounds
 n - a potion of brilliance
 o - a potion of invisibility {unknown}
 q - 2 potions of magic {unknown}
 s - a potion of might {unknown}
 t - a potion of mutation {unknown}


   Skills:
 + Level 0.2 Fighting
 + Level 3.2 Dodging
 + Level 3.8 Stealth
 - Level 0.4 Unarmed Combat
 * Level 8.8 Spellcasting
 + Level 6.4 Conjurations
 * Level 0.1 Translocations


You had 12 spell levels left.
You knew the following spells:

 Your Spells              Type           Power      Damage    Failure   Level
a - Magic Dart            Conj           100%       1d8       1%          1
b - Searing Ray           Conj           100%       2d8       1%          2
c - Iskenderun's Mystic   Conj/Tloc      41%        2d9       14%         4
d - Fulminant Prism       Conj/Hex       20%        3d13      14%         4

Your spell library contained the following spells:

 Spells                   Type           Power      Damage    Failure   Level
 Sandblast                Erth           22%        2d7       5%          1
 Dazzling Flash           Conj/Hex       80%        N/A       4%          3
 Beastly Appendage        Tmut           22%        N/A       5%          1
 Wereblood                Tmut           11%        N/A       9%          2
 Spider Form              Tmut/Pois      11%        N/A       17%         3


Dungeon Overview and Level Annotations

Branches:
Dungeon (5/15)             Temple (1/1) D:4           Sewer (visited)
Ossuary (visited)

Altars:
Hepliaklqana
Nemelex Xobeh
Okawaru
Trog
Vehumet
Zin
The Shining One

Shops:
D:1 !


Message History

The troll is heavily wounded.
Casting: Magic Dart (safe; 1% risk of failure)
Confirm with . or Enter, or press ? or * to list all spells.
Aiming: Searing Ray (safe; 1% risk of failure)
Press: ? - help, Shift-Dir - straight line, f/p - troll
Aim: a troll (heavily wounded, 83% to hit)
You feel a surge of power!
The searing ray hits the troll!
The troll is severely wounded. (Press . to maintain the ray.)
The troll bites you. The troll claws you. The troll claws you!
The searing ray hits the troll.
The troll is severely wounded.
The troll misses you. x2; The troll claws you but does no damage.
The searing ray hits the troll!
The troll is almost dead.
The troll bites you!
* * * LOW HITPOINT WARNING * * *
The troll misses you. The troll closely misses you.
Casting: Searing Ray (safe; 1% risk of failure)
Confirm with . or Enter, or press ? or * to list all spells.
Aiming: Searing Ray (safe; 1% risk of failure)
Press: ? - help, Shift-Dir - straight line, f/p - troll
Aim: a troll (heavily wounded, 83% to hit)
Okay, then.
Casting: Searing Ray (safe; 1% risk of failure)
Confirm with . or Enter, or press ? or * to list all spells.
The spell is quite dangerous to miscast (14% risk of failure)!
Continue anyway?
You feel a surge of power!
You erupt in a blast of force!
The mystic blast hits the troll!
The troll is almost dead.
The troll bites you.
* * * LOW HITPOINT WARNING * * *
The troll closely misses you. x2
Casting: Iskenderun's Mystic Blast (quite dangerous; 14% risk of failure)
Confirm with . or Enter, or press ? or * to list all spells.
The spell is quite dangerous to miscast (14% risk of failure)!
Continue anyway?
You feel a surge of power!
You miscast Iskenderun's Mystic Blast.
You are very lightly contaminated with residual magic.
Sparks fly from your hands!
You die...

##...>..#,# #(...##
###.#.#...#.## #.####
.............# #.#
.##.(........#* ####.#
..............* #....#
.....<........* #.####
.####.#...##..* #.#
,***#.#...##..####.########
,,,,............@.........#
***##.######.#.T....#.###.#
#.# #.....###....###.## #.#
#.##.## #.#.###...######
#.# #.##.# #.#.............
#.####.##.#
#.#############.
#.........# #.# *######.
######.##.# #.#*** #.......
#.##.## #..,,* #o......


You could see a troll.

Vanquished Creatures
  An ogre (D:4)
  3 elf zombies (Ossuary)
  A scorpion (D:3)
  A water moccasin skeleton (D:4)
  A hound (D:3)
  A human skeleton (D:5)
  An orc wizard (D:5)
  A hound skeleton (D:3)
  4 mummies (Ossuary)
  A river rat (D:5)
  6 adders
  An adder zombie (Ossuary)
  2 worms
  2 orcs
  7 bats
  14 endoplasms
  3 giant cockroaches
  2 gnoll zombies (Ossuary)
  8 goblins
  8 hobgoblins
  4 jackals (Sewer)
  6 quokkas
  12 ball pythons
  14 frilled lizards
  2 jackal zombies (Ossuary)
  16 kobolds
  A kobold zombie (Ossuary)
  An orc skeleton (D:5)
  2 orc zombies (Ossuary)
  A quokka skeleton (D:4)
  3 rats
130 creatures vanquished.

Vanquished Creatures (others)
  14 plants (Sewer)
14 creatures vanquished.

Grand Total: 144 creatures vanquished

Notes
Turn   | Place    | Note
-------+----------+-------------------------------------------
     0 | D:1      | oldriver the Deep Elf Conjurer began the quest for the Orb.
     0 | D:1      | Reached XP level 1. HP: 10/10 MP: 6/6
   202 | D:1      | Found a faded altar of an unknown god.
   354 | D:1      | Reached XP level 2. HP: 15/15 MP: 5/8
   448 | D:1      | Reached skill level 5 in Conjurations
   803 | D:1      | Found Upazuygh's Distillery.
   985 | D:1      | Reached XP level 3. HP: 19/19 MP: 6/9
  1330 | D:2      | Reached skill level 4 in Spellcasting
  1494 | D:2      | Reached XP level 4. HP: 24/24 MP: 10/12
  1561 | D:2      | Learned a level 2 spell: Searing Ray
  2393 | D:3      | Reached skill level 5 in Spellcasting
  2689 | D:3      | Reached XP level 5. HP: 25/28 MP: 6/15
  2925 | D:3      | Reached skill level 6 in Spellcasting
  3238 | D:4      | Learned a level 4 spell: Iskenderun's Mystic Blast
  3243 | D:4      | Learned a level 4 spell: Fulminant Prism
  3345 | D:4      | Reached XP level 6. HP: 23/32 MP: 9/17
  3552 | D:4      | Found a staircase to the Ecumenical Temple.
  3575 | Temple   | Entered the Ecumenical Temple
  3603 | Temple   | Became a worshipper of Vehumet
  4055 | D:4      | Reached skill level 7 in Spellcasting
  4158 | D:5      | Entered Level 5 of the Dungeon
  4269 | D:5      | Found a sand-covered staircase.
  4276 | Ossuary  | Entered an ossuary
  4319 | Ossuary  | Identified 2 scrolls of acquirement
  4319 | Ossuary  | Acquired a staff of conjuration
  4351 | Ossuary  | Reached skill level 8 in Spellcasting
  4351 | Ossuary  | Reached XP level 7. HP: 36/36 MP: 18/20
  4407 | Ossuary  | Acquired 1002 gold pieces
  4617 | D:5      | Found a glowing drain.
  4626 | Sewer    | Entered a sewer
  4777 | Sewer    | Reached * piety under Vehumet
  4777 | Sewer    | Offered knowledge of Sandblast by Vehumet.
  5436 | D:5      | Noticed a troll
  5457 | D:5      | Killed by miscasting Iskenderun's Mystic Blast

Illustrated notes

Levels and vault maps discovered:
D:1:      dpeg_arrival_snail, layout_loops_ring,
          shapermc_ecumenical_altar_ellora, serial_shops,
          nicolae_lakefront_shop, minmay_misc_feat_nine_boxes, minmay_tromino_v7
D:2:      layout_loops_ring
D:3:      layout_rooms, minmay_unequal
D:4:      layout_loops_ring, temple_statues
D:5:      layout_loops_ring, cheibrodos_sewer_entry_sluice,
          nicolae_ossuary_entry_catacombs, grunt_ministairs_8
Temple:   regret_index_temple_chain_breaker

Skill      XL: |  1  2  3  4  5  6 |
---------------+-------------------+-----
Conjurations   | 5 6 |  6.4
Spellcasting   | 4 5 6 8 |  8.8
Stealth        | 3 |  3.8
Dodging        | 3 |  3.2
Fighting       | |  0.2
Unarmed Combat | |  0.4
Translocations | |  0.1

Action                   |  1- 3 |  4- 6 |  7- 9 || total
-------------------------+-------+-------+-------++-------
Melee: Unarmed           |       |    19 |     2 ||    21
       Staff             |       |       |     1 ||     1
 Cast: Magic Dart        |    64 |   113 |    46 ||   223
       Searing Ray       |       |     8 |    10 ||    18
       Iskenderun's Myst |       |       |     1 ||     1
  Use: Scroll            |       |    10 |     1 ||    11
       Potion            |       |     7 |       ||     7
Armor: Robe              |     1 |    11 |    12 ||    24
       Skin              |       |    32 |    12 ||    44
Dodge: Dodged            |       |    27 |    34 ||    61

Table legend: (Time is in decaauts)
 A = Elapsed time spent in this place.
 B = Non-inter-level travel time spent in this place.
 C = Inter-level travel time spent in this place.
 D = Time resting spent in this place.
 E = Time spent auto-exploring this place.
 F = Levels seen in this place.
 G = Mean time per level.
                   A        B        C        D        E       F      G
               +--------+--------+--------+--------+--------+-----+--------+
         Total |   5621 |   5444 |    177 |    553 |   3976 |   8 |  702.6 |
       Dungeon |   4424 |   4257 |    167 |    553 |   3145 |   5 |  884.8 |
        Temple |     38 |     28 |     10 |      0 |     17 |   1 |   38.0 |
         Sewer |    857 |    857 |      0 |      0 |    732 |   1 |  857.0 |
       Ossuary |    301 |    301 |      0 |      0 |     82 |   1 |  301.0 |
               +--------+--------+--------+--------+--------+-----+--------+

Top non-repeatable levels by time:
     D:1: 1216 daAuts
     D:3: 1134 daAuts
     D:4: 953 daAuts
   Sewer: 857 daAuts
     D:2: 814 daAuts
     D:5: 306 daAuts
 Ossuary: 301 daAuts
  Temple: 38 daAuts
